 Dungeon Crawl Stone Soup version 0.29.1-12-g30fa7ad0bf (webtiles) character file.

Game seed: 12061670180044608758

102125 sankara the Tortoise (level 15, -17/147 HPs)
             Began as a Minotaur Fighter on Jan 8, 2023.
             Was an Initiate of Gozag.
             Demolished by a titanic slime creature (42 damage)
             ... on level 14 of the Dungeon.
             The game lasted 01:41:16 (29057 turns).

sankara the Tortoise (Minotaur Fighter)            Turns: 29057, Time: 01:41:16

Health: -17/147    AC: 39    Str: 21    XL:     15   Next: 85%
Magic:  0/14       EV: 22    Int:  9    God:    Gozag
Gold:   6285       SH:  7    Dex: 11    Spells: 14/14 levels left

rFire   + . .      SeeInvis .   a - +2 eveningstar (flame)
rCold   . . .      Faith    .   U - +2 buckler
rNeg    . . .      Spirit   +   i - +2 crystal plate armour
rPois   +          Reflect  .   P - +2 hat of the Bear Spirit {Spirit, *Rage Will++}
rElec   .          Harm     .   p - +0 cloak
rCorr   +          Rampage  .   s - +2 pair of gloves of Vlad {rF+ rCorr Str-2}
Will    +++..      Rage     20% (no boots)
Stlth   ..........              W - amulet of the acrobat
HPRegen 0.34/turn               k - +4 ring of protection
MPRegen 0.14/turn               j - ring of poison resistance

@: acrobatic, studying Summonings
A: horns 2, retaliatory headbutt
a: Renounce Religion, Potion Petition, Call Merchant, Bribe Branch


You were on level 14 of the Dungeon.
You worshipped Gozag.
Gozag was greatly pleased with you.
You visited 4 branches of the dungeon, and saw 22 of its levels.
You also visited: Volcano.

You collected 9003 gold pieces.
You spent 809 gold pieces at shops.
You paid 1909 gold pieces to Gozag.

Inventory:

Hand Weapons
 a - a +2 eveningstar of flaming (weapon)
 b - a +0 sling
 n - a +2 flail of draining
Missiles
 c - 2 silver boomerangs
 o - a throwing net
 t - 3 curare-tipped darts
 u - 26 poisoned darts (quivered)
 w - 7 javelins
 H - 23 boomerangs
Armour
 d - a +2 leather armour of willpower
 i - a +2 crystal plate armour (worn)
 p - a +0 cloak (worn)
 s - the +2 pair of gloves of Vlad (worn) {rF+ rCorr Str-2}
   (You found it in a volcano)

   Str:       It affects your strength (-2).
   rF:        It protects you from fire.
   rCorr:     It protects you from acid and corrosion.
 P - the +2 hat of the Bear Spirit (worn) {Spirit, *Rage Will++}
   (You found it on level 5 of the Lair of Beasts)

   Going berserk makes the wearer tougher, and they're slowed less afterward.
   *Rage:     It berserks you when you make melee attacks (+20% chance).
   Will:      It greatly increases your willpower.
 U - a +2 buckler (worn)
Jewellery
 g - a ring of protection from cold
 h - a ring of protection from fire
 j - a ring of poison resistance (right hand)
 k - a +4 ring of protection (left hand)
 V - a ring of positive energy
 W - an amulet of the acrobat (around neck)
Wands
 v - a wand of iceblast (8)
 x - a wand of mindburst (21)
 D - a wand of flame (30)
 F - a wand of light (9)
 S - a wand of digging (7)
Scrolls
 r - 13 scrolls of teleportation
 y - 3 scrolls of magic mapping
 C - 11 scrolls of blinking
 E - 5 scrolls of fog
 N - 2 scrolls of amnesia
 Q - a scroll of fear
 R - a scroll of summoning {unknown}
Potions
 f - 4 potions of berserk rage
 l - 4 potions of heal wounds
 q - 6 potions of attraction
 z - 5 potions of curing
 A - 4 potions of brilliance
 B - a potion of ambrosia
 G - 6 potions of flight
 I - 4 potions of lignification
 J - 2 potions of magic
 K - a potion of mutation
 L - a potion of might
 M - 2 potions of cancellation
 O - a potion of invisibility
Miscellaneous
 e - a lightning rod (4/4)
 m - a phial of floods
 T - a condenser vane


   Skills:
 + Level 17.0 Fighting
 - Level 16.0 Maces & Flails
 - Level 12.0 Throwing
 + Level 18.5 Armour
 - Level 8.0 Dodging
 - Level 5.0 Shields
 - Level 5.0 Evocations


You had 14 spell levels left.
You didn't know any spells.
Your spell library contained the following spells:

 Spells                   Type           Power      Damage    Failure   Level
 Beastly Appendage        Tmut           0%         N/A       100%        1
 Magic Dart               Conj           0%         1d3       100%        1
 Necrotise                Necr           0%         1d4       100%        1
 Ensorcelled Hibernation  Hex/Ice        0%         N/A       100%        2
 Static Discharge         Conj/Air       0%         3-3/arc   100%        2
 Sublimation of Blood     Necr           0%         N/A       100%        2
 Wereblood                Tmut           0%         N/A       100%        2
 Conjure Flame            Conj/Fire      0%         6-21      100%        3
 Ignite Poison            Fire/Tmut/Pois 0%         N/A       100%        3
 Spider Form              Tmut/Pois      0%         N/A       100%        3
 Stone Arrow              Conj/Erth      0%         3d7       100%        3
 Anguish                  Hex/Necr       0%         N/A       100%        4
 Animate Armour           Summ/Erth      0%         N/A       100%        4
 Petrify                  Tmut/Erth      0%         N/A       100%        4
 Sticky Flame             Conj/Fire      0%         2d3       100%        4
 Alistair's Intoxication  Tmut/Pois      0%         N/A       100%        5
 Borgnjor's Vile Clutch   Necr/Erth      0%         N/A       100%        5
 Irradiate                Conj/Tmut      0%         3d11      100%        5
 Conjure Ball Lightning   Conj/Air       0%         3x3d6     100%        6
 Eringya's Noxious Bog    Tmut/Pois      0%         N/A       100%        6
 Spellforged Servitor     Conj/Summ      0%         N/A       100%        7
 Lehudib's Crystal Spear  Conj/Erth      0%         10d2      100%        8


Dungeon Overview and Level Annotations

Branches:
Dungeon (14/15)            Temple (1/1) D:5            Lair (5/5) D:9
 Shoals (0/4) Lair:2       Spider (0/4) Lair:3        Slime (0/5) Lair:5
    Orc (2/2) D:11            Elf (0/3) Orc:2        Vaults (0/5) D:14
Volcano (visited)

Altars:
Ashenzari
Cheibriados
Dithmenos
Elyvilon
Fedhas
Gozag
Hepliaklqana
Kikubaaqudgha
Makhleb
Nemelex Xobeh
Okawaru
Qazlal
Ru
Sif Muna
Trog
Uskayaw
Vehumet
Wu Jian
Xom
Yredelemnul
Zin
The Shining One
Jiyva

Shops:
Orc:2 [*(=


Innate Abilities, Weirdness & Mutations

You have a pair of horns on your head.
You reflexively headbutt those who attack you in melee.


Message History

You sock the very large slime creature! You burn the very large slime creature.
You headbutt the very large slime creature!
The very large slime creature is heavily wounded.
A large slime creature splits.
You barely miss the very large slime creature.
You headbutt the very large slime creature!
The very large slime creature is severely wounded.
The very large slime creature hits you!!
You barely miss the very large slime creature.
The very large slime creature is severely wounded.
Two slime creatures merge to form an enormous slime creature.
Two slime creatures merge to form a titanic slime creature.
You sock the titanic slime creature! You burn the titanic slime creature.
The titanic slime creature is heavily wounded.
You puncture the titanic slime creature!
You burn the titanic slime creature.
The titanic slime creature is heavily wounded.
The titanic slime creature hits you!!!
You puncture the titanic slime creature!
You burn the titanic slime creature.
The titanic slime creature is heavily wounded.
The titanic slime creature hits you but does no damage.
You puncture the titanic slime creature!
You burn the titanic slime creature.
You headbutt the titanic slime creature!
The titanic slime creature is severely wounded.
The titanic slime creature hits you but does no damage.
You sock the titanic slime creature! You burn the titanic slime creature.
The titanic slime creature is severely wounded.
You impale the titanic slime creature!! You burn the titanic slime creature!
The titanic slime creature is severely wounded.
The titanic slime creature hits you!!!
* * * LOW HITPOINT WARNING * * *
The titanic slime creature attacks as you move away!
The titanic slime creature hits you!
* * * LOW HITPOINT WARNING * * *
The titanic slime creature attacks as you move away!
The titanic slime creature hits you!!!
You die...
Your body crumbles into a pile of gold.

###### ##### #..@.#
###...## ##.##J#
#......# ##..##.#
###......# #..##...
#...<...####.##..#..
#.........##.#<.#
#.. ...........#.##.
.## .....###......##
## ...............#


You could see a titanic slime creature.

Vanquished Creatures
  2 orc warlords
  Nessos (D:12)
  An ettin (Orc:1)
  5 hydras
  5 boulder beetles
  2 catoblepae
  2 death knights
  3 centaur warriors
  A dancing weapon (D:9)
  9 two-headed ogres
  The ghost of Yolobob the Fighter, a novice MfSu of Ru (D:9)
  3 death yaks (Lair:5)
  The ghost of zielscheibe the Frost Mage, a journeyman DEIE of Vehumet (Lair:1)
  A deep troll shaman (Lair:5)
  A tengu warrior (D:14)
  Urug (Lair:2)
  4 orc high priests
  The ghost of funkygono the Magician, a novice DsFE of Vehumet (D:6)
  A wizard (D:13)
  A phantasmal warrior (D:13)
  7 orc knights
  Pikel (D:5)
  2 deep elf archers
  2 lindwurms (Lair:5)
  4 deep elf zephyrmancers
  4 ugly things (D:14)
  11 deep elf pyromancers
  4 orc sorcerers
  2 manticores
  10 cyclopes
  15 elephants (Lair:5)
  3 black mambas
  Maurice (Orc:1)
  A black mamba (shapeshifter) (D:13)
  4 gargoyles
  2 unseen horrors (D:11)
  13 cane toads
  3 rime drakes
  9 komodo dragons
  4 yaktaurs (D:14)
  A freezing wraith (D:13)
  3 tengu conjurers
  4 efreet
  7 trolls
  A wind drake (Lair:2)
  4 polar bears
  15 blink frogs
  A tarantella (shapeshifter) (D:14)
  9 slime creatures
  3 wraiths
  7 wyverns
  2 shadows
  4 steam dragons
  A vampire (D:12)
  5 basilisks
  7 vampire mosquitoes
  84 yaks
  5 fire elementals (Volcano)
  2 wargs (Orc:2)
  11 water moccasins
  6 acid dragons
  4 hell hounds (Volcano)
  4 black bears
  39 orc warriors
  2 ice beasts
  3 sky beasts (D:7)
  11 ogres
  A boggart (D:14)
  8 wolves
  8 centaurs
  7 kobold brigands
  A phantom (D:5)
  18 bullfrogs
  3 gnoll sergeants
  A scorpion (D:6)
  7 wights
  8 killer bees
  4 howler monkeys
  An electric eel (D:9)
  9 crimson imps (D:10)
  3 hounds
  3 jellies (Lair:1)
  15 orc priests
  3 gnoll boudas
  5 iguanas
  27 orc wizards
  23 gnolls
  9 adders
  A shadow imp (D:8)
  3 white imps
  An ufetubus (D:3)
  3 worms
  61 orcs
  5 ball pythons
  4 endoplasms
  6 giant cockroaches
  7 goblins
  5 hobgoblins
  4 jackals (D:2)
  12 kobolds
  5 quokkas
  4 bats
  3 frilled lizards (D:2)
  2 rats
  A bush (Lair:5)
684 creatures vanquished.

Vanquished Creatures (others)
  A deep elf pyromancer (Volcano)
  A bush (Lair:5)
  75 fungi
  96 plants
173 creatures vanquished.

Grand Total: 857 creatures vanquished

Notes
Turn   | Place    | Note
-------+----------+-------------------------------------------
     0 | D:1      | sankara the Minotaur Fighter began the quest for the Orb.
     0 | D:1      | Reached XP level 1. HP: 19/19 MP: 0/0
   572 | D:1      | Reached XP level 2. HP: 24/27 MP: 1/1
   711 | D:1      | Found a faded altar of an unknown god.
  1490 | D:2      | Reached skill level 4 in Armour
  1502 | D:2      | Reached XP level 3. HP: 12/33 MP: 2/2
  1983 | D:2      | Reached XP level 4. HP: 37/40 MP: 3/3
  2439 | D:3      | Reached XP level 5. HP: 25/47 MP: 4/4
  2686 | D:3      | Found a sparkling altar of Nemelex Xobeh.
  2686 | D:3      | Found a blossoming altar of Fedhas.
  2774 | D:3      | Found a shadowy altar of Dithmenos.
  2774 | D:3      | Found an iron altar of Okawaru.
  2776 | D:3      | Found an opulent altar of Gozag.
  2776 | D:3      | Found a white marble altar of Elyvilon.
  2795 | D:3      | Became a worshipper of Gozag Ym Sagoz the Greedy
  3062 | D:4      | Reached skill level 5 in Maces & Flails
  3228 | D:4      | Found a stormy altar of Qazlal.
  3321 | D:4      | Reached XP level 6. HP: 55/55 MP: 5/5
  3651 | D:4      | Reached skill level 5 in Fighting
  3763 | D:5      | Entered Level 5 of the Dungeon
  3779 | D:5      | Reached skill level 1 in Throwing
  3779 | D:5      | Reached skill level 5 in Armour
  3846 | D:5      | Reached skill level 5 in Shields
  3966 | D:5      | Noticed Pikel
  3987 | D:5      | Killed Pikel
  3988 | D:5      | Reached XP level 7. HP: 56/62 MP: 6/6
  4042 | D:5      | Reached skill level 6 in Armour
  4127 | D:5      | Reached XP level 8. HP: 70/70 MP: 7/7
  4361 | D:5      | Found a staircase to the Ecumenical Temple.
  4371 | Temple   | Entered the Ecumenical Temple
  5094 | D:6      | Reached skill level 1 in Dodging
  5179 | D:6      | Reached skill level 7 in Armour
  5317 | D:6      | Found a runed translucent door.
  5318 | D:6      | Noticed funkygono's ghost (novice DsFE)
  5435 | D:6      | Reached XP level 9. HP: 57/79 MP: 8/8
  5771 | D:6      | Found a radiant altar of Vehumet.
  5790 | D:6      | Found an ancient bone altar of Kikubaaqudgha.
  5850 | D:6      | Got Kikubaaqudgha's Omnibus of Evil
  5856 | D:6      | Found a shimmering blue altar of Sif Muna.
  5957 | D:6      | Found a runed translucent door.
  6154 | D:7      | Reached skill level 10 in Maces & Flails
  6707 | D:7      | Reached skill level 8 in Armour
  7579 | D:7      | Reached XP level 10. HP: 90/90 MP: 9/9
  7735 | D:8      | Noticed a two-headed ogre
  7743 | D:8      | Killed a two-headed ogre
  7985 | D:8      | Noticed a two-headed ogre
  7989 | D:8      | Killed a two-headed ogre
  7990 | D:8      | Reached skill level 9 in Armour
  8364 | D:8      | Reached skill level 5 in Throwing
  8366 | D:8      | Reached skill level 10 in Armour
  8385 | D:8      | Noticed a five-headed hydra
  8385 | D:8      | Noticed a two-headed ogre
  8385 | D:8      | Noticed a gargoyle
  9049 | D:9      | Found a runed translucent door.
  9049 | D:9      | Found a shimmering altar of Xom.
  9049 | D:9      | Noticed Yolobob's ghost (novice MfSu)
  9049 | D:9      | Noticed a +5 mace of chaos
  9155 | D:9      | Reached XP level 11. HP: 99/99 MP: 10/10
  9159 | D:9      | Reached skill level 10 in Fighting
  9453 | D:9      | Noticed a two-headed ogre
  9461 | D:9      | Killed a two-headed ogre
  9462 | D:9      | Reached skill level 11 in Armour
  9480 | D:9      | Reached skill level 5 in Dodging
  9837 | D:9      | Found a staircase to the Lair.
 10065 | D:9      | Noticed a deep elf pyromancer
 10072 | D:9      | Killed a deep elf pyromancer
 10312 | Lair:1   | Entered Level 1 of the Lair of Beasts
 10316 | Lair:1   | Found a runed translucent gate.
 10316 | Lair:1   | Found a runed translucent gate.
 10316 | Lair:1   | Found a runed translucent gate.
 10319 | Lair:1   | Noticed zielscheibe's ghost (journeyman DEIE)
 10401 | Lair:1   | Reached skill level 12 in Armour
 10660 | Lair:1   | Found a viscous altar of Jiyva.
 11316 | Lair:2   | Reached skill level 13 in Armour
 11339 | Lair:2   | Reached XP level 12. HP: 80/110 MP: 11/11
 11350 | Lair:2   | Found a staircase to the Shoals.
 11350 | Lair:2   | Noticed a seven-headed hydra
 11360 | Lair:2   | Killed a seven-headed hydra
 11361 | Lair:2   | Found a dark tunnel.
 11370 | Volcano  | Entered a volcano
 11849 | Volcano  | Reached skill level 14 in Armour
 12366 | Volcano  | Identified the +2 pair of gloves of Vlad {rF+ rCorr Str-2}
 12436 | Lair:2   | Noticed Urug
 12451 | Lair:2   | Killed Urug
 12967 | D:6      | Killed funkygono's ghost
 13079 | D:8      | Noticed a two-headed ogre
 13084 | D:8      | Noticed a two-headed ogre
 13095 | D:8      | Killed a two-headed ogre
 13124 | D:8      | Killed a two-headed ogre
 13231 | D:8      | Killed a two-headed ogre
 13613 | D:8      | Killed a five-headed hydra
 14877 | Lair:3   | Found a hole to the Spider Nest.
 15010 | Lair:3   | Reached XP level 13. HP: 107/119 MP: 12/12
 15089 | Lair:3   | Reached skill level 15 in Armour
 17012 | Lair:5   | Entered Level 5 of the Lair of Beasts
 17458 | Lair:4   | Reached skill level 10 in Throwing
 17464 | Lair:4   | Reached skill level 15 in Maces & Flails
 17975 | Lair:5   | Identified the +12 sling of the Madman {venom, Str+2 Int+3}
 18417 | Lair:5   | Reached skill level 16 in Armour
 18417 | Lair:5   | Reached XP level 14. HP: 132/132 MP: 13/13
 18561 | Lair:5   | Found a staircase to the Slime Pits.
 18812 | Lair:5   | Found the +2 hat of the Bear Spirit {Spirit, *Rage Will++}
 19202 | D:10     | Entered Level 10 of the Dungeon
 19985 | D:11     | Found a staircase to the Orcish Mines.
 20053 | D:11     | You fall into a shaft and drop 3 floors!
 20908 | D:14     | Found a gate to the Vaults.
 21014 | D:14     | Reached skill level 15 in Fighting
 21193 | D:14     | Found a shimmering blue altar of Sif Muna.
 21315 | D:13     | Reached skill level 17 in Armour
 22570 | D:11     | Identified the +9 great mace of Resourcefulness {drain,
                  | rC+}
 22577 | D:11     | Identified the +0 scale mail of the Northern Lights {rC+
                  | Int+3}
 22578 | D:11     | Identified the +5 flail "Omicuutt" {vorpal, Str+4 Dex+7}
 23022 | D:11     | Reached XP level 15. HP: 141/141 MP: 14/14
 23265 | D:11     | Found a glowing silver altar of Zin.
 24357 | D:12     | Noticed Nessos
 24368 | D:12     | Killed Nessos
 24815 | Orc:1    | Entered Level 1 of the Orcish Mines
 25318 | Orc:1    | Found a burning altar of Makhleb.
 25318 | Orc:1    | Noticed Maurice
 25342 | Orc:1    | Killed Maurice
 25544 | Orc:2    | Entered Level 2 of the Orcish Mines
 25544 | Orc:2    | Found Funer's Antique Weapon Emporium.
 25739 | Orc:2    | Noticed an orc warlord
 25903 | Orc:1    | Killed an orc warlord
 26336 | Orc:2    | Found Neakh's Jewellery Shop.
 26346 | Orc:2    | Found a staircase to the Elven Halls.
 26409 | Orc:2    | Noticed an orc warlord
 27057 | Orc:2    | Killed an orc warlord
 27135 | Orc:2    | Found Sucror Xoqypp's Antique Armour Boutique.
 27178 | Orc:2    | Bought a ring of positive energy for 300 gold pieces
 27223 | Orc:2    | Found Ofocrat's General Store.
 27231 | Orc:2    | Bought 3 javelins for 26 gold pieces
 27231 | Orc:2    | Bought a scroll of teleportation for 33 gold pieces
 27395 | Orc:2    | Reached skill level 18 in Armour
 27459 | Orc:2    | Reached skill level 5 in Evocations
 27651 | Orc:2    | Bought an amulet of the acrobat for 450 gold pieces
 27792 | D:9      | Killed Yolobob's ghost
 27970 | Lair:1   | Killed zielscheibe's ghost
 28169 | D:13     | Got the Papyrus of Sand
 28206 | D:13     | Got the Encyclopedia of Combed Thunderclap
 28911 | D:14     | Identified the +3 short sword "Futyril" {drain, Will+}
 29057 | D:14     | Demolished by a titanic slime creature

Illustrated notes

Levels and vault maps discovered:
D:1:      dpeg_arrival_tiny_j, layout_basic, basic_ecumenical_altar
D:2:      layout_basic
D:3:      layout_rooms, grunt_temple_overflow_open
D:4:      layout_cave_pools, lemuel_crystal_altar, chequers_garden
D:5:      layout_loops_ring, minmay_temple_entry_ruins, uniq_pikel
D:6:      layout_loops_ring, palyth_temple_overflow_mages, ebering_ghost_sewer_f
D:7:      layout_basic, minmay_fractal_squares_diagonal_5
D:8:      minmay_chambers_of_sevens, layout_basic
D:9:      cheibrodos_helix_gallery, layout_irregular_city,
          due_lair_maze_entry_diamond, ebering_ghost_xom, blue_anna_alchemist
D:10:     layout_roguey, minmay_nine_imps
D:11:     minmay_the_grid_triangle_9x9_rhombus_full
          [minmay_the_grid_triangle_9x9_steps,
          minmay_the_grid_triangle_9x9_sparse_checkered,
          minmay_the_grid_triangle_9x9_intruding_spiral,
          minmay_the_grid_triangle_9x9_zippers_vertical,
          minmay_the_grid_triangle_9x9_negative_grid,
          minmay_the_grid_triangle_9x9_impossible_snake,
          minmay_the_grid_triangle_9x9_semitri,
          minmay_the_grid_triangle_9x9_prize_center], layout_stronghold,
          david_orc_1_choice, zin_scriptorium
D:12:     layout_basic, uniq_nessos
D:13:     layout_loops_cross, bh_hangedman_babel_library
D:14:     layout_cave_pools, hangedman_vaults_entry_quadrant_bands,
          infiniplex_staircase_diamond, nicolae_sif_muna_little_library
Temple:   nicolae_temple_bog_church
Lair:1:   layout_long_grid, gammafunk_ghost_ooze
Lair:2:   layout_concentric_octagons, minmay_shoals_entry_beasts,
          nicolae_volcano_entry_two_sided, grunt_forest_small_clearings,
          uniq_urug
Lair:3:   layout_chaotic_city, dummy_spider_entry,
          chequers_serial_rivers_small_3, grunt_megastairs_2
Lair:4:   layout_gridlike
Lair:5:   grunt_lair_end_beastmaster, layout_regular_city, slime_entry_1,
          hangedman_lair_unloving_vines
Orc:1:    layout_diamond_mine, basic_altar, mines2_lemuel, uniq_maurice
Orc:2:    grunt_orc_gardens, layout_caves, grunt_orc_garden, grunt_orc_garden,
          grunt_orc_garden, grunt_orc_garden, bh_open_orc_temple

Skill      XL: |  1  2  3  4  5  6  7  8  9 10 11 12 13 14 15 |
---------------+----------------------------------------------+-----
Maces & Flails | 3 4 5 7 9 11 12 13 15 16 | 16.0
Fighting       | 4 5 6 7 8 9 11 12 14 15 17 | 17.0
Armour         | 4 5 6 7 8 10 13 14 16 17 18 | 18.5
Shields        | 4 5 |  5.0
Throwing       | 1 3 5 7 8 10 11 12 | 12.0
Evocations     | 2 3 5 |  5.0
Dodging        | 2 3 4 5 7 8 |  8.0

Action                   |  1- 3 |  4- 6 |  7- 9 | 10-12 | 13-15 || total
-------------------------+-------+-------+-------+-------+-------++-------
Melee: Flail             |    90 |   142 |   277 |   435 |       ||   944
       Headbutt          |    13 |    17 |    47 |   109 |   303 ||   489
       Eveningstar       |       |       |       |   106 |  1324 ||  1430
Throw: Dart              |       |       |       |    19 |    89 ||   108
       Boomerang         |       |       |       |    21 |       ||    21
Invok: Potion Petition   |       |       |     1 |     3 |     2 ||     6
Evoke: Wand              |       |       |       |     1 |       ||     1
       Lightning rod     |       |       |       |     1 |       ||     1
  Use: Scroll            |       |       |    15 |     5 |    12 ||    32
       Potion            |       |       |     1 |     3 |       ||     4
 Stab: Distracted        |       |       |     2 |     3 |    14 ||    19
Armor: Scale mail        |    44 |       |       |       |       ||    44
       Crystal plate arm |    17 |   117 |   237 |   345 |   873 ||  1589
Dodge: Dodged            |    39 |    16 |    43 |   118 |   304 ||   520
Block: Buckler           |    25 |    37 |    48 |   107 |   244 ||   461
